 Dungeon Crawl Stone Soup version 0.31-a0-672-g7da72447bb (webtiles) character file.

Game seed: 12715767059912971550

3154424 arthad the Metallomancer (level 27, 91/180 HPs)
             Began as a Gargoyle Earth Elementalist on Sept 3, 2023.
             Was the Champion of Vehumet.
             Escaped with the Orb
             ... and 5 runes on Sept 4, 2023!
             The game lasted 06:01:57 (69625 turns).

arthad the Metallomancer (GrEE)                    Turns: 69625, Time: 06:01:58

Health: 91/180     AC: 52    Str: 16      XL:     27
Magic:  59/59      EV: 13    Int: 37 (38) God:    Vehumet [******]
Gold:   5640       SH: 16    Dex: 10      Spells: 1/61 levels left

rFire   . . .        e - +6 Majin-Bo {spellvamp, MP+6 Int+6}
rCold   + . .        P - +1 kite shield of Zin's Hope {rN+ Will+ Stlth+}
rNeg    + + .        N - quicksilver dragon scales
rPois   ∞            s - +3 crown of Dyrovepreva {rElec Int+2 SInv}
rElec   +            a - +2 cloak "Ahuaz" {Contam rC+ Str+4 SInv}
rCorr   +            c - +3 pair of gauntlets of War {Slay+5}
SInv    +            F - +2 pair of boots {rampage}
Will    ++++.        d - amulet of magic regeneration
Stlth   ++           Z - ring of protection from fire
HPRegen 0.50/turn    T - ring of Lianos {rCorr MP+9}
MPRegen 0.76/turn

%: rampage
@: flying, studying 4 skills
A: sickness immunity, AC +20, big wings, negative energy resistance 1,
electricity resistance, torment resistance 1, petrification resistance,
iridescent scales 1, large bone plates 1, deterioration 1, mutation resistance
1, heat vulnerability 1, inability to read after injury 1
0: Orb of Zot
}: 5/15 runes: serpentine, barnacled, slimy, silver, abyssal
a: Renounce Religion


You escaped.
You worshipped Vehumet.
Vehumet was exalted by your worship.
You visited 11 branches of the dungeon, and saw 53 of its levels.
You visited the Abyss 2 times.
You also visited: Trove, Ossuary and Volcano.

You collected 9452 gold pieces.
You spent 3812 gold pieces at shops.

Inventory:

Hand Weapons
 e - the +6 Majin-Bo (weapon) {spellvamp, MP+6 Int+6}
   (You acquired it on level 6 of the Dungeon)

   Int+6:     It affects your intelligence (+6).
   MP+6:      It affects your magic capacity (+6).
 h - the +8 autumn katana {manifold assault}
   (You took it off a deep elf elementalist on level 3 of the Elven Halls)
Missiles
 o - 11 atropa-tipped darts
 v - 32 javelins
 z - 9 silver javelins
 D - 8 throwing nets
Armour
 a - the +2 cloak "Ahuaz" (worn) {Contam rC+ Str+4 SInv}
   (You found it on level 3 of the Depths)

   Str+4:     It affects your strength (+4).
   rC+:       It protects you from cold.
   SInv:      It lets you see invisible.
   Contam:    It causes magical contamination when unequipped.
 c - the +3 pair of gauntlets of War (worn) {Slay+5}
   (You found it on level 1 of the Depths)

   Slay+5:    It affects your accuracy & damage with ranged weapons and melee
   (+5).
 s - the +3 crown of Dyrovepreva (worn) {rElec Int+2 SInv}
   (You found it on level 3 of the Elven Halls)

   Int+2:     It affects your intelligence (+2).
   rElec:     It insulates you from electricity.
   SInv:      It lets you see invisible.
 F - a +2 pair of boots of rampaging (worn)
 N - quicksilver dragon scales (worn)
 P - the +1 kite shield of Zin's Hope (worn) {rN+ Will+ Stlth+}
   (You acquired it on level 2 of the Depths)

   rN+:       It protects you from negative energy.
   Will+:     It increases your willpower.
   Stlth+:    It makes you more stealthy.
Magical Staves
 n - the staff "Ikumpan" {rElec rN+ Will+ Int+3 Stlth+ Air}
   (You found it on level 1 of the Realm of Zot)

   [staff of air]

   Base accuracy: +5 Base damage: 5 Base attack delay: 1.2 This weapon's minimum
   attack delay (0.6) is reached at skill level 12.
   Int+3:     It affects your intelligence (+3).
   rElec:     It insulates you from electricity.
   rN+:       It protects you from negative energy.
   Will+:     It increases your willpower.
   Stlth+:    It makes you more stealthy.
   Air:       It increases the power of your Air spells.
   It falls into the 'Staves' category.
   It is a one-handed weapon.
 C - the staff of the Turnip {rPois Str+3 Earth}
   (You found it on level 2 of the Orcish Mines)

   [staff of earth]

   Base accuracy: +5 Base damage: 5 Base attack delay: 1.2 This weapon's minimum
   attack delay (0.6) is reached at skill level 12.
   Str+3:     It affects your strength (+3).
   rPois:     It protects you from poison Earth: It increases the power of your
   Earth spells.
   It falls into the 'Staves' category.
   It is a one-handed weapon.
 O - the staff of the Feral God {Drain rF+ Dex+2 Fire Poison}
   (You found it on level 1 of the Depths)

   [staff of fire]

   Base accuracy: +5 Base damage: 5 Base attack delay: 1.2 This weapon's minimum
   attack delay (0.6) is reached at skill level 12.
   Dex+2:     It affects your dexterity (+2).
   rF+:       It protects you from fire.
   Drain:     It drains your maximum health when unequipped.
   Fire:      It increases the power of your Fire spells.
   Poison:    It increases the power of your Poison spells.
   It falls into the 'Staves' category.
   It is a one-handed weapon.
Jewellery
 d - an amulet of magic regeneration (around neck)
 r - the ring of Gutor {Str+7 Int+6}
   (You found it on level 1 of the Depths)

   [ring of intelligence]

   Str+7:     It affects your strength (+7).
   Int+6:     It affects your intelligence (+6).
 A - the ring of Surip {rC+ rN+ Dex+3}
   (You found it on level 4 of the Shoals)

   [ring of positive energy]

   Dex+3:     It affects your dexterity (+3).
   rC+:       It protects you from cold.
   rN+:       It protects you from negative energy.
 T - the ring of Lianos (right hand) {rCorr MP+9}
   (You bought it in a shop on level 4 of the Snake Pit)

   [ring of magical power]

   MP+9:      It affects your magic capacity (+9).
   rCorr:     It protects you from acid and corrosion.
 Z - a ring of protection from fire (left hand)
Wands
 w - a wand of digging (4)
 E - a wand of roots (53)
 H - a wand of flame (98)
 M - a wand of mindburst (32)
 Y - a wand of light (21)
Scrolls
 g - 12 scrolls of teleportation
 j - 8 scrolls of immolation
 k - 8 scrolls of torment
 q - 6 scrolls of blinking
 t - 10 scrolls of amnesia
 u - 4 scrolls of silence
 x - 4 scrolls of fear
 y - 11 scrolls of enchant armour
 R - 10 scrolls of poison
 W - 16 scrolls of fog
 X - 7 scrolls of revelation
Potions
 b - 2 potions of magic
 f - 10 potions of haste
 i - 12 potions of curing
 l - 6 potions of ambrosia
 p - 3 potions of heal wounds
 B - 9 potions of enlightenment
 I - 4 potions of mutation
 J - 7 potions of might
 K - 3 potions of cancellation
 S - 6 potions of brilliance
 V - 6 potions of resistance
Miscellaneous
 m - a sack of spiders (inert)
 G - a lightning rod (4/4)
 L - a phial of floods
 Q - a phantom mirror
 U - a tin of tremorstones (2/2)


   Skills:
 * Level 20.6 Fighting
 + Level 3.3 Long Blades
 + Level 14.6 Armour
 + Level 11.5 Dodging
 - Level 10.0 Stealth
 + Level 12.8 Shields
 * Level 17.5 Spellcasting
 * Level 20.4 Conjurations
 - Level 6.8 Hexes
 * Level 4.4 Translocations
 + Level 12.7 Transmutations
 * Level 15.4 Fire Magic
 - Level 1.0 Air Magic
 * Level 21.9 Earth Magic
 + Level 14.8 Poison Magic


You had one spell level left.
You knew the following spells:

 Your Spells              Type           Power      Damage    Failure   Level
a - Sandblast             Erth           100%       2d20      0%          1
b - Stone Arrow           Conj/Erth      100%       3d13      0%          3
c - Lehudib's Crystal Sp  Conj/Erth      56%        10d13     1%          8
d - Poisonous Vapours     Pois/Air       100%       N/A       1%          2
e - Ignite Poison         Fire/Tmut/Pois 95%        N/A       1%          3
f - Olgreb's Toxic Radia  Pois           97%        N/A       1%          4
g - Leda's Unmaking       Conj/Erth      56%        9d9       1%          6
h - Orb of Destruction    Conj           55%        9d14      1%          7
i - Starburst             Conj/Fire      52%        6d14      1%          6
j - Lee's Rapid Deconstr  Erth           57%        3d26*     0%          5
k - Yara's Violent Unrav  Hex/Tmut       40%        3d16      1%          5
l - Ignition              Fire           49%        3d14      10%         8
m - Blink                 Tloc           100%       N/A       1%          2

Your spell library contained the following spells:

 Spells                   Type           Power      Damage    Failure   Level
 Maxwell's Capacitive Co  Air            20%        ∞         100%        8
 Foxfire                  Conj/Fire      100%       2x1d9     0%          1
 Apportation              Tloc           100%       N/A       1%          1
 Freeze                   Ice            100%       1d10      1%          1
 Shock                    Conj/Air       100%       1d9       1%          1
 Slow                     Hex            100%       N/A       1%          1
 Necrotise                Necr           100%       1d9       3%          1
 Summon Small Mammal      Summ           100%       N/A       3%          1
 Passwall                 Tmut/Erth      85%        N/A       0%          2
 Scorch                   Fire           100%       2d9       0%          2
 Flame Wave               Conj/Fire      100%       2d21      0%          4
 Sticky Flame             Conj/Fire      100%       2d11      0%          4
 Iskenderun's Battlesphe  Conj           100%       2d15      0%          5
 Ensorcelled Hibernation  Hex/Ice        100%       N/A       1%          2
 Lesser Beckoning         Tloc           100%       N/A       1%          2
 Momentum Strike          Conj/Tloc      100%       3d10      1%          2
 Static Discharge         Conj/Air       100%       2-7/arc   1%          2
 Wereblood                Tmut           91%        N/A       1%          2
 Confusing Touch          Hex            70%        N/A       1%          3
 Dazzling Flash           Conj/Hex       100%       N/A       1%          3
 Hailstorm                Conj/Ice       83%        3d17      1%          3
 Inner Flame              Hex/Fire       86%        N/A       1%          3
 Portal Projectile        Hex/Tloc       100%       N/A       1%          3
 Tukima's Dance           Hex            70%        N/A       1%          3
 Volatile Blastmotes      Fire/Tloc      100%       2d18      1%          3
 Animate Armour           Summ/Erth      100%       N/A       1%          4
 Cause Fear               Hex            35%        N/A       1%          4
 Fulminant Prism          Conj/Hex       46%        3d20      1%          4
 Iskenderun's Mystic Bla  Conj/Tloc      90%        2d18      1%          4
 Leda's Liquefaction      Hex/Erth       47%        N/A       1%          4
 Petrify                  Tmut/Erth      100%       N/A       1%          4
 Alistair's Intoxication  Tmut/Pois      62%        N/A       1%          5
 Arcjolt                  Conj/Air       42%        1d52      1%          5
 Fireball                 Conj/Fire      52%        3d20      1%          5
 Freezing Cloud           Conj/Ice/Air   35%        6-21      1%          5
 Irradiate                Conj/Tmut      50%        3d28      1%          5
 Conjure Ball Lightning   Conj/Air       42%        3x3d15    1%          6
 Eringya's Noxious Bog    Tmut/Pois      47%        4d6       1%          6
 Summon Guardian Golem    Hex/Summ       55%        N/A       2%          3
 Call Imp                 Summ           64%        N/A       4%          2
 Manifold Assault         Tloc           60%        N/A       4%          4
 Plasma Beam              Fire/Air       38%        2x1d51    4%          6
 Airstrike                Air            20%        2d(3-19)  5%          4
 Swiftness                Air            40%        N/A       6%          3
 Anguish                  Hex/Necr       27%        N/A       8%          4
 Call Canine Familiar     Summ           32%        N/A       9%          3
 Ozocubu's Armour         Ice            32%        N/A       9%          3
 Vampiric Draining        Necr           32%        2d8       9%          3
 Vhi's Electric Charge    Tloc/Air       100%       N/A       10%         4
 Spellforged Servitor     Conj/Summ      41%        N/A       11%         7
 Shatter                  Erth           57%        3d43*     11%         9
 Silence                  Hex/Air        28%        N/A       16%         5
 Summon Mana Viper        Hex/Summ       55%        N/A       21%         5
 Summon Lightning Spire   Summ/Air       36%        N/A       24%         4
 Animate Dead             Necr           32%        N/A       30%         4
 Dispel Undead            Necr           32%        3d14      30%         4
 Summon Ice Beast         Ice/Summ       32%        N/A       30%         4
 Fire Storm               Conj/Fire      52%        8d13      41%         9
 Dispersal                Tloc           30%        N/A       58%         6
 Agony                    Necr           32%        N/A       63%         5
 Death Channel            Necr           16%        N/A       99%         6
 Simulacrum               Ice/Necr       16%        N/A       99%         6
 Ozocubu's Refrigeration  Ice            16%        4d11      99%         7
 Haunt                    Necr/Summ      16%        N/A       100%        7
 Malign Gateway           Summ/Tloc      24%        N/A       100%        7
 Monstrous Menagerie      Summ           16%        N/A       100%        7
 Disjunction              Tloc           30%        N/A       100%        8
 Infestation              Necr           16%        N/A       100%        8
 Summon Horrible Things   Summ           16%        N/A       100%        8
 Chain Lightning          Conj/Air       42%        3d56      100%        9
 Polar Vortex             Ice            16%        12d2*     100%        9
 Cigotuvi's Dreadful Rot  Necr/Pois/Air  Unusable   N/A       N/A         2
 Sublimation of Blood     Necr           Unusable   N/A       N/A         2

Dungeon Overview and Level Annotations

Branches:
Dungeon (15/15)            Temple (1/1) D:7            Lair (5/5) D:8
 Shoals (4/4) Lair:3        Snake (4/4) Lair:2        Slime (5/5) Lair:4
    Orc (2/2) D:10            Elf (3/3) Orc:2        Vaults (5/5) D:14
  Crypt (0/3) Vaults:3     Depths (4/4) D:15            Zot (5/5) Depths:4
Ossuary (visited)         Volcano (visited)

Altars:
Ashenzari
Cheibriados
Dithmenos
Elyvilon
Fedhas
Gozag
Hepliaklqana
Kikubaaqudgha
Makhleb
Nemelex Xobeh
Okawaru
Qazlal
Ru
Sif Muna
Trog
Uskayaw
Vehumet
Wu Jian
Xom
Yredelemnul
Zin
The Shining One
Jiyva

Shops:
D:12 :   D:15 =   Orc:1 (   Orc:2 *[(=   Elf:2 (   Elf:3 :   Shoals:1 :
Shoals:4 (   Snake:4 =:=   Vaults:2 ([[:   Vaults:3 [   Vaults:5 :   Depths:1 !
Depths:3 :

Portals:
Hell: Depths:1 Depths:2 Depths:3 Depths:4
Abyss: Depths:1 Depths:3 Depths:4
Pandemonium: Depths:1 Depths:2
Ziggurat: Depths:2


Innate Abilities, Weirdness & Mutations

You are immune to sickness and miasma.
Your stone body is resilient. (AC +20)
You are immune to poison.
Your large and strong wings let you fly.
You resist negative energy. (rN+)
You are resistant to electric shocks. (rElec)
You are resistant to unholy torment.
You are immune to petrification.
You are partially covered in iridescent scales. (AC +2)
You are partially covered in large bone plates. (SH +4)
Your body sometimes deteriorates upon taking damage.
You are somewhat resistant to further mutation.
You are vulnerable to heat. (rF-)
You occasionally lose the ability to read scrolls when taking damage.


Message History

The cherub sings a powerful hymn!
The cherub goes into a battle-frenzy!
You block the angel's attack. x2
Blink to where?
Press: ? - help, Dir - move target
As you read the scroll of blinking, it crumbles to dust.
You feel yourself speed up.
The seraph shouts a warning to its allies!
You hear a loud, deep croak!
Blink to where?
Press: ? - help, Dir - move target
As you read the scroll of blinking, it crumbles to dust.
You fly upwards.
There is a stone staircase leading down here.
You feel much better.
There is a stone staircase leading up here.
You can't go down here!
You fly upwards.
There is a stone staircase leading down here.
Your extra speed is starting to run out.
You feel yourself slow down.
A smoke demon comes into view.
Casting: Yara's Violent Unravelling (mildly dangerous; 1% risk of failure)
Confirm with . or Enter, or press ? or * to list all spells.
Okay, then.
You sock the plant!
The plant begins to die.
The plant is lightly damaged.
A nearby plant withers and dies.
You sock the plant!
The plant begins to die.
The plant is lightly damaged.
A nearby plant withers and dies.
You sock the plant!
The plant begins to die.
The plant is lightly damaged.
The smoke demon gestures at you. Something smites you!
A nearby plant withers and dies.
The smoke demon gestures at you. Something smites you!
There is a staircase leading out of the dungeon here.
You have escaped!

###PPPPPPPPPPPPPPP#.............#
# #PPPPPPPPPPPPPPP#.###########.#
#PPPPP.....PPPPP#......# #.#
#PPP..PPPPP..PPP#.####.## #.#
#PP.PPP...PPP.PP#.#.....# #.# #
#PP.PP.PPP.PP.PP#.#.##### #.# #
#P.PP.PP.PP.PP.P#.#.# #.#
###P.P.PP.P.PP.P.P#.#.#########(#
.....P.P.PPP.P.P@P#.#...........#
###P.P.PP.P.PP.P.P#.#..##########
# #P.PP.PP.PP.PP3P#.#..# #
#PP.PP.PPP.PP.PP#.####
###PP..PP...PP..PP#.###
.##PPP...PPPP..PPP....#
.##PPPPP.....PPPPP..#.#


.##PPPPPPPPPPPPPPP..#.# .##PPPPPPPPPPPPPPP..#.# You could see a smoke demon.

Vanquished Creatures
  the Royal Jelly (Slime:5)
  4 dread liches (Zot:5)
  2 ancient liches
  6 orbs of fire
  Mara (Depths:1)
  3 royal mummies (Depths:3)
  Sojobo (Vaults:3)
  2 juggernauts
  3 Killer Klowns
  Frederick (Vaults:2)
  3 curse toes
  10 golden dragons
  2 bone dragons
  A pandemonium lord (Zot:2)
  Jory (Vaults:4)
  2 Hell Sentinels
  20 tentacled monstrosities
  Jorgrun (Snake:3)
  4 electric golems
  2 hellephants (Depths:1)
  27 Orb Guardians
  2 walking earthen tomes (Depths:3)
  6 liches
  Mlioglotl (Shoals:1)
  5 deep elf blademasters
  3 deep elf master archers
  A titan (shapeshifter) (Depths:3)
  4 titans
  8 sphinxes
  10 quicksilver dragons
  17 acid blobs
  The ghost of arthad the Ogre Mage, an adept OgFE of Makhleb (Shoals:1)
  A kraken (Shoals:4)
  4 tentacled starspawn (Abyss:3)
  9 death cobs
  An Executioner (Abyss:3)
  3 thorn hunters (Snake:1)
  23 storm dragons
  9 azure jellies
  The ghost of Hiprater the Severer, an adept MiBe of Trog (Shoals:1)
  Frances (D:13)
  Aizul (Snake:1)
  The ghost of Foof the Fighter, an adept DgGl (Snake:2)
  7 tengu reavers
  12 shadow dragons
  3 draconian monks
  The ghost of Godd the Metamorph, an adept MfSh of Trog (Shoals:1)
  5 rockslimes
  Ilsuiw (Shoals:4)
  4 draconian knights
  5 iron dragons
  12 fire giants
  7 deep elf sorcerers (Elf:3)
  14 frost giants
  The ghost of Rudyous the Fighter, a journeyman DsCj of Sif Muna (Shoals:1)
  5 draconian scorchers
  An angel (Abyss:3)
  5 draconian shifters
  The ghost of Wurlitzer the Peltast, a journeyman MiFi (Elf:2)
  4 draconian stormcallers
  A cacodemon (Abyss:3)
  5 draconian annihilators
  3 ghost moths
  14 vault wardens
  16 ironbound preservers
  4 orc warlords
  A caustic shrike zombie (Depths:2)
  The ghost of Sevouk the Black Belt, a journeyman MeSh of Okawaru (Shoals:1)
  31 very ugly things
  3 deep elf elementalists (Elf:3)
  14 quicksilver oozes
  5 ironbound thunderhulks
  2 spriggan defenders (Depths:4)
  17 stone giants
  2 ophanim (Abyss:3)
  3 vampire knights
  A war gargoyle (Vaults:3)
  2 formless jellyfish
  13 black draconians
  12 green draconians
  4 deep elf demonologists
  Azrael (Snake:2)
  3 putrid mouths (Depths:1)
  13 red draconians
  6 white draconians
  A starcursed mass (Abyss:3)
  6 purple draconians
  4 dire elephants
  The ghost of kairosrom117 the Arsonist, a journeyman DrFE of Vehumet (Lair:4)
  10 yellow draconians
  4 deep elf annihilators
  7 ettins
  8 deep elf death magi
  7 spark wasps
  Josephine (D:11)
  11 merfolk impalers
  A crystal guardian (Vaults:4)
  4 merfolk javelineers
  7 fire dragons
  2 mummy priests (Depths:3)
  7 salamander tyrants
  6 deep elf high priests
  Fannar (D:12)
  An entropy weaver (Vaults:2)
  11 yaktaur captains
  10 great orbs of eyes
  3 peacekeepers
  2 rakshasas
  41 vault guards
  5 ice dragons
  7 merfolk avatars
  Erolcha (D:11)
  9 hydras
  2 ogre magi
  A sphinx zombie (Depths:2)
  3 spriggan air magi
  11 ironbound frosthearts
  8 anacondas
  8 merfolk aquamancers
  5 boulder beetles
  A satyr (Shoals:4)
  5 two-headed ogres
  40 dancing weapons
  3 alligators (Snake:1)
  6 centaur warriors
  5 deep troll shamans
  3 death knights
  An alligator snapping turtle (Shoals:4)
  7 naga warriors
  15 death yaks
  5 spriggan berserkers
  7 deep troll earth magi
  4 sun demons
  3 orc high priests (Orc:2)
  4 shock serpents
  4 tengu warriors
  2 thrashing horrors (Abyss:3)
  6 hell knights (Depths:1)
  A skyshark (shapeshifter) (Vaults:5)
  2 spriggans (Depths:4)
  16 deep elf knights
  5 skysharks
  7 iron trolls
  14 naga sharpshooters
  Amaemon (D:10)
  A storm dragon zombie (Vaults:5)
  2 salamander mystics
  A shadow wraith (Abyss:3)
  2 sixfirhies
  A wretched star (Abyss:3)
  2 quicksilver dragon simulacra (Vaults:5)
  16 sea snakes
  3 cherubim
  A glowing orange brain (shapeshifter) (Vaults:2)
  2 flayed ghosts
  33 deep trolls
  10 glowing orange brains
  3 naga ritualists
  14 deep elf archers
  3 lindwurms (Vaults:4)
  2 swamp dragons (Snake:1)
  4 wizards
  A swamp dragon (shapeshifter) (Vaults:5)
  16 ironbound convokers
  14 orc knights
  22 ugly things
  5 necromancers
  9 mana vipers
  3 wolf spiders
  9 phantasmal warriors
  2 mana vipers (shapeshifter)
  8 harpies
  9 orc sorcerers
  25 deep elf pyromancers
  21 deep elf zephyrmancers
  A sphinx simulacrum (Depths:2)
  8 fauns
  A harpy (shapeshifter) (D:14)
  A wolf spider (shapeshifter) (Depths:1)
  8 cyclopes
  7 shining eyes
  20 manticores
  17 salamanders
  An elephant (shapeshifter) (Vaults:4)
  3 guardian serpents
  14 merfolk sirens
  20 moths of wrath
  37 black mambas
  2 smoke demons (Abyss:3)
  6 water nymphs
  Maurice (D:12)
  A fire giant skeleton (Depths:2)
  3 rust devils
  2 eyes of devastation
  33 elephants
  A stone giant skeleton (Vaults:5)
  A centaur skeleton (D:15)
  Maggie (D:10)
  A gargoyle (D:13)
  27 vault sentinels
  Joseph (D:7)
  15 naga magi
  2 torpor snails
  3 orange demons
  8 cane toads
  7 rime drakes
  3 freezing wraiths
  2 hellions
  An unseen horror (shapeshifter) (D:14)
  A komodo dragon (shapeshifter) (Elf:1)
  21 yaktaurs
  A tormentor (Depths:1)
  2 ice devils
  13 komodo dragons
  3 ancient zymes (Abyss:3)
  A guardian mummy (Zot:1)
  3 red devils
  33 merfolk
  11 wind drakes
  3 hellwings
  A polar bear (shapeshifter) (D:14)
  2 tyrant leeches (Snake:1)
  10 trolls
  18 blink frogs
  3 meliai (D:13)
  4 polar bears
  5 hornets
  A fire giant simulacrum (Depths:2)
  A hornet (shapeshifter) (Elf:2)
  20 dream sheep
  2 centaur simulacra (D:15)
  9 snapping turtles
  5 large abominations (Abyss:3)
  6 air elementals
  74 slime creatures
  2 vampires
  A culicivora (Vaults:2)
  7 wyverns
  2 ynoxinuls
  6 wraiths
  5 shadows
  A human (shapeshifter) (D:13)
  19 water elementals
  A basilisk (D:14)
  7 fire elementals
  2 hogs (D:12)
  5 golden eyes
  52 yaks
  A chaos spawn (Abyss:3)
  A redback (Vaults:2)
  3 steam dragons
  Menkaure (D:7)
  12 vampire mosquitoes
  Edmund (D:6)
  2 neqoxecs
  2 small abominations (Abyss:3)
  8 wargs
  42 nagas
  A spatial vortex (Abyss:3)
  6 swamp worms (Snake:1)
  2 acid dragons
  9 water moccasins
  4 hell hounds
  49 orc warriors
  A black bear (D:4)
  5 ice beasts
  13 ogres
  3 boggarts (Vaults:1)
  The ghost of justen the Changeling, an amateur MfSh (D:3)
  16 centaurs
  11 wolves
  4 kobold brigands
  2 phantoms
  11 bullfrogs
  3 gnoll sergeants
  4 earth elementals
  2 scorpions
  A human skeleton (Vaults:5)
  10 killer bees
  3 troll zombies (D:10)
  3 howler monkeys (D:11)
  7 electric eels
  A quasit (Abyss:3)
  3 centaur zombies (Ossuary)
  2 hounds
  2 human zombies (Ossuary)
  19 orc priests
  A gnoll bouda (D:6)
  3 jellies
  2 iguanas
  Terence (D:2)
  Ijyb (D:5)
  13 orc wizards
  A sleepcap (D:7)
  3 ogre zombies (D:10)
  2 mummies (Ossuary)
  21 gnolls
  13 adders
  A shadow imp (D:6)
  5 white imps
  An ufetubus (D:7)
  A worm (D:2)
  3 dart slugs
  80 orcs
  4 ball pythons
  A bat (D:3)
  3 endoplasms (D:2)
  4 giant cockroaches
  6 goblins
  7 hobgoblins
  2 jackals (D:3)
  3 quokkas
  2 frilled lizards
  A goblin skeleton (D:10)
  3 goblin zombies
  2 hobgoblin skeletons (D:10)
  18 hobgoblin zombies
  3 jackal zombies (Ossuary)
  28 kobolds
  8 kobold zombies (Ossuary)
  16 orc zombies
  4 rats
  3 ball lightnings (Lair:4)
  2 starspawn tentacles (Abyss:3)
2266 creatures vanquished.

Vanquished Creatures (others)
  Kirke (D:12)
  A queen bee (Lair:4)
  A centaur (D:12)
  5 starspawn tentacles (Abyss:3)
  4 tentacles (Shoals:4)
12 creatures vanquished.

Grand Total: 2278 creatures vanquished

Notes
Turn   | Place    | Note
-------+----------+-------------------------------------------
     0 | D:1      | arthad the Gargoyle Earth Elementalist began the quest for
                  | the Orb.
     0 | D:1      | Reached XP level 1. HP: 10/10 MP: 3/3
   153 | D:1      | Reached skill level 1 in Transmutations
   153 | D:1      | Reached XP level 2. HP: 10/15 MP: 3/5
   879 | D:2      | Reached skill level 4 in Earth Magic
   879 | D:2      | Reached XP level 3. HP: 19/19 MP: 2/6
   883 | D:2      | Learned a level 3 spell: Stone Arrow
  1083 | D:2      | Noticed Terence
  1090 | D:2      | Killed Terence
  1091 | D:2      | Reached XP level 4. HP: 13/24 MP: 1/7
  1332 | D:2      | Found a faded altar of an unknown god.
  1888 | D:3      | Reached XP level 5. HP: 5/28 MP: 6/8
  2097 | D:3      | Reached skill level 1 in Conjurations
  2141 | D:3      | Reached skill level 1 in Fighting
  2151 | D:3      | Found a transporter.
  2229 | D:3      | Found a transporter.
  2334 | D:3      | Identified the amulet of Doocemm {Faith rPois Stlth+}
  2477 | D:3      | Identified the +1 buckler of Hairiness {Str+3}
  2525 | D:3      | Noticed justen's ghost (amateur MfSh)
  2746 | D:4      | Reached skill level 1 in Armour
  2746 | D:4      | Reached XP level 6. HP: 34/34 MP: 7/10
  2910 | D:4      | Noticed a black bear
  2916 | D:4      | Killed a black bear
  3092 | D:4      | Reached skill level 5 in Earth Magic
  3172 | D:4      | Identified the +3 short sword of Hacking and Slashing
                  | {freeze, rElec Will- Dex+2}
  3238 | D:4      | Reached XP level 7. HP: 38/38 MP: 9/11
  3421 | D:5      | Entered Level 5 of the Dungeon
  3754 | D:5      | Reached XP level 8. HP: 30/44 MP: 10/13
  4131 | D:5      | Noticed Ijyb
  4136 | D:5      | Killed Ijyb
  4341 | D:6      | Identified a scroll of acquirement
  4342 | D:6      | Acquired the +6 Majin-Bo {spellvamp, MP+6 Int+6}
  4342 | D:6      | Found the +6 Majin-Bo {spellvamp, MP+6 Int+6}
  4344 | D:6      | Noticed Edmund
  4455 | D:6      | Reached skill level 6 in Earth Magic
  4535 | D:6      | Killed Edmund
  4695 | D:6      | Found an iron altar of Okawaru.
  4696 | D:6      | Found an opulent altar of Gozag.
  4751 | D:6      | Found a sand-covered staircase.
  4760 | Ossuary  | Entered an ossuary
  4904 | Ossuary  | Reached XP level 9. HP: 12/50 MP: 12/15
  5593 | D:7      | Noticed Menkaure
  5601 | D:7      | Killed Menkaure
  5602 | D:7      | Reached skill level 5 in Stealth
  5723 | D:7      | Noticed Joseph
  5728 | D:7      | Killed Joseph
  5729 | D:7      | Reached skill level 7 in Earth Magic
  5817 | D:7      | Reached skill level 5 in Spellcasting
  5817 | D:7      | Reached skill level 5 in Conjurations
  5850 | D:7      | Noticed a hornet
  5857 | D:7      | Killed a hornet
  6003 | D:7      | Found a stormy altar of Qazlal.
  6034 | D:7      | Found a staircase to the Ecumenical Temple.
  6039 | Temple   | Entered the Ecumenical Temple
  6076 | Temple   | Became a worshipper of Vehumet
  6587 | D:8      | Reached XP level 10. HP: 53/56 MP: 18/18
  6688 | D:8      | Learned a level 4 spell: Petrify
  6812 | D:8      | Found a staircase to the Lair.
  6922 | D:8      | Reached skill level 8 in Earth Magic
  7126 | D:9      | Found a snail-covered altar of Cheibriados.
  7140 | D:9      | Reached * piety under Vehumet
  7140 | D:9      | Offered knowledge of Shock by Vehumet.
  7145 | D:9      | Reached skill level 1 in Shields
  7174 | D:9      | Noticed a two-headed ogre
  7178 | D:9      | Killed a two-headed ogre
  7179 | D:9      | Reached skill level 5 in Transmutations
  7851 | D:9      | Noticed a two-headed ogre
  7856 | D:9      | Killed a two-headed ogre
  8021 | D:9      | Reached XP level 11. HP: 52/62 MP: 20/20
  8023 | D:9      | Reached skill level 5 in Fighting
  8026 | D:9      | Reached skill level 5 in Armour
  8191 | D:10     | Entered Level 10 of the Dungeon
  8395 | D:10     | Noticed Amaemon
  8399 | D:10     | Killed Amaemon
  8400 | D:10     | Reached skill level 9 in Earth Magic
  8415 | D:10     | Reached ** piety under Vehumet
  8429 | D:10     | Offered knowledge of Poisonous Vapours by Vehumet.
  8433 | D:10     | Learned a level 2 spell: Poisonous Vapours
  8591 | D:10     | Found a staircase to the Orcish Mines.
  8764 | D:10     | Noticed Maggie
  8769 | D:10     | Killed Maggie
  8854 | D:10     | Offered knowledge of Static Discharge by Vehumet.
  9210 | D:11     | Reached *** piety under Vehumet
  9220 | D:11     | Noticed Josephine
  9227 | D:11     | Killed Josephine
  9237 | D:11     | HP: 1/64 [wraith[Josephine] (9)]
  9552 | D:11     | Noticed Erolcha
  9556 | D:11     | Killed Erolcha
  9627 | D:11     | Offered knowledge of Ignite Poison by Vehumet.
  9634 | D:11     | Learned a level 3 spell: Ignite Poison
  9935 | D:11     | Found a portal to a secret trove of treasure.
 10138 | D:12     | Found Mixuisog's Book Shoppe.
 10175 | D:12     | Reached skill level 5 in Shields
 10175 | D:12     | Reached XP level 12. HP: 69/69 MP: 22/22
 10362 | D:12     | Noticed Maurice
 10369 | D:12     | Killed Maurice
 10430 | D:12     | Noticed Fannar
 10436 | D:12     | Killed Fannar
 10619 | D:12     | Noticed Kirke
 10626 | D:12     | Killed Kirke
 10627 | D:12     | Reached skill level 10 in Earth Magic
 10987 | D:13     | Noticed a seven-headed hydra
 11097 | D:13     | Reached skill level 5 in Dodging
 11200 | D:13     | Noticed a centaur warrior
 11204 | D:13     | Killed a centaur warrior
 11327 | D:13     | Noticed a centaur warrior
 11335 | D:13     | Killed a centaur warrior
 11449 | D:13     | Reached **** piety under Vehumet
 11462 | D:13     | Offered knowledge of Olgreb's Toxic Radiance by Vehumet.
 11468 | D:13     | Learned a level 4 spell: Olgreb's Toxic Radiance
 11479 | D:13     | Noticed Frances
 11487 | D:13     | Killed Frances
 11578 | D:13     | Killed a seven-headed hydra
 12153 | D:13     | Identified the +1 plate armour of Insurance {rPois Str+2
                  | Int+3 Dex-3}
 12307 | D:14     | Found a transporter.
 12318 | D:14     | Noticed a vault guard
 12318 | D:14     | Noticed a vault guard
 12319 | D:14     | Found a gate to the Vaults.
 12319 | D:14     | Noticed a vault guard
 12327 | D:14     | Noticed a vault guard
 12333 | D:14     | Noticed a vault guard
 12337 | D:13     | Killed a vault guard
 12338 | D:13     | Reached XP level 13. HP: 74/76 MP: 19/25
 12447 | D:14     | Killed a vault guard
 12498 | D:14     | Noticed a vault guard
 12520 | D:14     | Killed a vault guard
 12828 | D:14     | Noticed a vault guard
 12834 | D:14     | Gained mutation: You are partially covered in large bone
                  | plates. (SH +4) [potion of mutation]
 12834 | D:14     | Gained mutation: You have sharp toenails. [potion of
                  | mutation]
 12834 | D:14     | Gained mutation: You are partially covered in iridescent
                  | scales. (AC +2) [potion of mutation]
 13062 | D:14     | Killed a vault guard
 13070 | D:14     | Reached skill level 11 in Earth Magic
 13126 | D:14     | Killed a vault guard
 13272 | D:14     | Killed a vault guard
 13334 | D:14     | Killed a vault guard
 13461 | D:14     | Found a transporter.
 13489 | D:14     | Noticed a vault guard
 13500 | D:14     | Killed a vault guard
 13950 | D:15     | Entered Level 15 of the Dungeon
 14160 | D:15     | Identified the +8 chain mail "Turat Qarecw" {Int+4}
 14185 | D:15     | Found Esezyk Qilea's Jewellery Emporium.
 14342 | D:15     | Paralysed by an orc sorcerer for 2 turns
 14387 | D:15     | Reached skill level 10 in Conjurations
 14395 | D:15     | Gained mutation: Your large and strong wings let you fly.
                  | [Gargoyle growth]
 14395 | D:15     | Reached XP level 14. HP: 82/82 MP: 26/26
 14738 | D:15     | Found a staircase to the Depths.
 14946 | Lair:1   | Entered Level 1 of the Lair of Beasts
 14956 | Lair:1   | Reached ***** piety under Vehumet
 15160 | Lair:1   | Offered knowledge of Ozocubu's Refrigeration by Vehumet.
 15251 | Lair:1   | Reached skill level 12 in Earth Magic
 15830 | Lair:2   | Found a dark tunnel.
 15862 | Volcano  | Entered a volcano
 15884 | Volcano  | HP: 4/124 [red ugly thing (22)]
 16399 | Lair:2   | Found a staircase to the Snake Pit.
 16875 | Lair:3   | Offered knowledge of Freezing Cloud by Vehumet.
 17409 | Lair:3   | Found a staircase to the Shoals.
 17749 | Lair:3   | Reached XP level 15. HP: 88/88 MP: 23/28
 18285 | Lair:4   | Found a transporter.
 18287 | Lair:4   | Found a transporter.
 18524 | Lair:4   | Found a viscous altar of Jiyva.
 18525 | Lair:4   | Found a staircase to the Slime Pits.
 18872 | Lair:4   | Noticed kairosrom117's ghost (journeyman DrFE)
 19192 | Lair:5   | Entered Level 5 of the Lair of Beasts
 19304 | Lair:4   | Offered knowledge of Leda's Unmaking by Vehumet.
 19315 | Lair:4   | Learned a level 6 spell: Leda's Unmaking
 19352 | Lair:5   | Reached skill level 10 in Spellcasting
 19795 | Lair:5   | Reached skill level 13 in Earth Magic
 19861 | Lair:5   | Reached skill level 1 in Air Magic
 19920 | Lair:5   | Reached skill level 1 in Poison Magic
 19931 | Lair:5   | Reached skill level 1 in Fire Magic
 20816 | Lair:5   | Reached skill level 10 in Shields
 21168 | Orc:1    | Entered Level 1 of the Orcish Mines
 21230 | Orc:1    | Found Atsyifo's Weapon Shoppe.
 21279 | Orc:1    | Reached XP level 16. HP: 96/96 MP: 11/30
 21616 | Orc:2    | Entered Level 2 of the Orcish Mines
 21710 | Orc:2    | Found Nits's General Store.
 21963 | Orc:2    | Offered knowledge of Plasma Beam by Vehumet.
 22113 | Orc:2    | Found Zayrri Geas's Antique Weapon Shop.
 22227 | Orc:2    | Reached skill level 10 in Stealth
 22260 | Orc:2    | Found Zemubat's Jewellery Shoppe.
 22313 | Orc:2    | Found Kuotumy's Antique Armour Shoppe.
 22321 | Orc:2    | Bought an ichor-stained helmet for 218 gold pieces
 22321 | Orc:2    | Identified the +1 helmet "Jaguosei" {Rampage rPois Will-
                  | Dex+9} (You bought it in a shop on level 2 of the Orcish
                  | Mines)
 22393 | Orc:2    | Found a staircase to the Elven Halls.
 22447 | Orc:2    | Paralysed by an orc sorcerer for 3 turns
 22562 | Orc:2    | Offered knowledge of Orb of Destruction by Vehumet.
 22573 | Orc:2    | Learned a level 7 spell: Orb of Destruction
 22603 | Orc:2    | Identified the +2 robe of Hussomoe {Str+4}
 22687 | Orc:2    | Identified the +5 ring mail of Ennui {-Tele rN++ Str+4
                  | Slay+3}
 22687 | Orc:2    | Identified the amulet "Efymacas" {Faith Drain rPois rN++
                  | Str+3}
 23148 | Orc:2    | Identified the staff of the Turnip {rPois Str+3 Earth}
 23584 | Shoals:1 | Entered Level 1 of the Shoals
 23600 | Shoals:1 | Acquired 561 gold pieces
 23640 | Shoals:1 | Reached skill level 10 in Fighting
 23640 | Shoals:1 | Noticed Mlioglotl
 23643 | Shoals:1 | Reached skill level 14 in Earth Magic
 23653 | Shoals:1 | Killed Mlioglotl
 23724 | Shoals:1 | Found a runed translucent gate.
 23724 | Shoals:1 | Found a runed translucent gate.
 23724 | Shoals:1 | Found a runed translucent gate.
 23725 | Shoals:1 | Noticed Hiprater's ghost (adept MiBe)
 23726 | Shoals:1 | Noticed Sevouk's ghost (journeyman MeSh)
 23729 | Shoals:1 | Noticed arthad's ghost (adept OgFE)
 23730 | Shoals:1 | Noticed Rudyous's ghost (journeyman DsCj)
 23730 | Shoals:1 | Noticed Godd's ghost (adept MfSh)
 24026 | Shoals:1 | Found Uhuthremp's Vocational Training.
 24727 | Shoals:2 | Reached XP level 17. HP: 85/103 MP: 22/32
 24903 | Shoals:2 | Offered knowledge of Eringya's Noxious Bog by Vehumet.
 25721 | Shoals:3 | Identified the +3 quarterstaff "Hoel" {drain, rC+ Dex+3
                  | Stlth+}
 26149 | Shoals:4 | Entered Level 4 of the Shoals
 26610 | Shoals:4 | Noticed Ilsuiw
 26614 | Shoals:4 | Killed Ilsuiw
 26777 | Shoals:4 | Found Aplihias's Antique Weapon Shop.
 26861 | Shoals:4 | Noticed a kraken
 26871 | Shoals:4 | Killed a kraken
 26957 | Shoals:4 | Offered knowledge of Starburst by Vehumet.
 26992 | Shoals:4 | Reached skill level 15 in Earth Magic
 26999 | Shoals:4 | Got the Verses on the Changing Jinx
 27007 | Shoals:4 | Learned a level 6 spell: Starburst
 27064 | Shoals:4 | Identified the ring of Surip {rC+ rN+ Dex+3}
 27271 | Shoals:4 | Reached skill level 10 in Armour
 27339 | Shoals:4 | Got a barnacled rune of Zot
 27401 | Shoals:4 | Reached skill level 5 in Poison Magic
 27402 | Shoals:4 | Reached skill level 5 in Fire Magic
 27679 | Snake:1  | Entered Level 1 of the Snake Pit
 27771 | Snake:1  | Noticed Aizul
 27776 | Snake:1  | Killed Aizul
 27777 | Snake:1  | Reached XP level 18. HP: 110/110 MP: 25/33
 28085 | Snake:1  | Reached ****** piety under Vehumet
 28110 | Snake:1  | Offered knowledge of Lehudib's Crystal Spear by Vehumet.
 28110 | Snake:1  | Offered knowledge of Chain Lightning by Vehumet.
 28110 | Snake:1  | Offered knowledge of Maxwell's Capacitive Coupling by
                  | Vehumet.
 28121 | Snake:1  | Learned a level 8 spell: Lehudib's Crystal Spear
 28163 | Snake:1  | Identified the +0 robe of Osoc {Archmagi}
 28693 | Snake:2  | Found a runed translucent door.
 28693 | Snake:2  | Noticed Foof's ghost (adept DgGl)
 28787 | Snake:2  | Killed Foof's ghost
 28789 | Snake:2  | Identified the +0 pair of boots of Lucovuno {rElec rC+
                  | Will-}
 28907 | Snake:2  | Reached skill level 10 in Transmutations
 29308 | Snake:2  | Noticed Azrael
 29319 | Snake:2  | Killed Azrael
 30619 | Snake:3  | Noticed Jorgrun
 30628 | Snake:3  | Killed Jorgrun
 31252 | Snake:4  | Entered Level 4 of the Snake Pit
 31303 | Snake:4  | Identified the +0 leather armour of Myin {rC+ Str+4}
 31679 | Snake:4  | Reached XP level 19. HP: 99/117 MP: 11/35
 31688 | Snake:4  | Reached skill level 16 in Earth Magic
 32283 | Snake:4  | Found Jeocaor's Jewellery Shop.
 32283 | Snake:4  | Found Cyjefich's Book Emporium.
 32284 | Snake:4  | Found Fauheiw's Jewellery Shop.
 32304 | Snake:4  | Bought a book of the Earth for 576 gold pieces
 32802 | Snake:4  | Got a serpentine rune of Zot
 33453 | Vaults:1 | Entered Level 1 of the Vaults
 33580 | Vaults:1 | You are sucked into a shaft and drop 1 floor!
 33705 | Vaults:2 | Found Gilek's Armour Shop.
 33735 | Vaults:2 | Bought a +1 pair of boots of rampaging for 330 gold pieces
 33765 | Vaults:2 | Identified the ring "Vedozxul" {*Slow rF+ rCorr Int+4
                  | Stlth+}
 33975 | Vaults:2 | Found Weelit's Antique Weapon Emporium.
 34053 | Vaults:2 | Noticed Frederick
 34056 | Vaults:2 | Killed Frederick
 34297 | Vaults:2 | Reached skill level 15 in Conjurations
 35040 | Vaults:2 | Found Qishi's Antique Armour Boutique.
 35076 | Vaults:2 | Found Oqeow's Book Emporium.
 35434 | Vaults:2 | Upgraded the game from 0.31-a0-667-g39726597b9 to
                  | 0.31-a0-672-g7da72447bb
 35653 | Vaults:3 | Noticed an ancient lich
 35656 | Vaults:3 | Killed an ancient lich
 35657 | Vaults:3 | Reached XP level 20. HP: 100/124 MP: 21/37
 35770 | Vaults:3 | Found Niun's Antique Armour Boutique.
 35775 | Vaults:3 | Bought a distressingly furry cloak for 266 gold pieces
 35775 | Vaults:3 | Identified the +0 cloak of the Evening Star {Dex+2} (You
                  | bought it in a shop on level 3 of the Vaults)
 35872 | Vaults:3 | Noticed Sojobo
 36236 | Vaults:3 | Acquired 918 gold pieces
 36438 | Vaults:3 | Found a staircase to the Crypt.
 36792 | Vaults:3 | Paralysed by an air elemental for 1 turns
 36794 | Vaults:3 | Killed Sojobo
 37449 | Vaults:4 | Reached skill level 17 in Earth Magic
 38135 | Vaults:4 | Learned a level 5 spell: Lee's Rapid Deconstruction
 38307 | Vaults:4 | Noticed Jory
 38310 | Vaults:4 | Killed Jory
 38558 | Vaults:4 | Identified the +7 mace "Affipp" {heavy, Will++}
 39201 | Depths:1 | Entered Level 1 of the Depths
 39201 | Depths:1 | Found Olefrug's Distillery.
 39202 | Depths:1 | Paralysed by a sphinx for 2 turns
 39379 | Depths:1 | Bought a potion of heal wounds for 85 gold pieces
 39379 | Depths:1 | Bought a potion of heal wounds for 85 gold pieces
 39379 | Depths:1 | Bought a potion of curing for 51 gold pieces
 39379 | Depths:1 | Bought a potion of resistance for 170 gold pieces
 39379 | Depths:1 | Bought a potion of haste for 170 gold pieces
 39379 | Depths:1 | Bought a potion of curing for 51 gold pieces
 39379 | Depths:1 | Bought a potion of cancellation for 136 gold pieces
 39428 | Depths:1 | Identified the +4 lajatang "Newtslayer" {freeze, rElec
                  | Will+ MP+9 Int+3}
 39428 | Depths:1 | Identified the +0 shadow dragon scales of Blue Skies
                  | {Rampage rElec rC+ Stlth++++}
 39428 | Depths:1 | Noticed a doom hound
 39429 | Depths:1 | Noticed a hellephant
 39429 | Depths:1 | Noticed a hellephant
 39429 | Depths:1 | Identified the +8 longbow "Vaelaina" {freeze, Int+8}
 39432 | Depths:1 | HP: 6/127 [deep elf blademaster/the +4 lajatang
                  | "Newtslayer" {freeze, rElec Will+ MP+9 Int+3} (17)]
 39452 | Depths:1 | Noticed a bone dragon
 39811 | Elf:1    | Entered Level 1 of the Elven Halls
 39920 | Elf:1    | Reached XP level 21. HP: 114/132 MP: 26/38
 41322 | Elf:2    | Found a runed translucent gate.
 41322 | Elf:2    | Found a runed translucent gate.
 41323 | Elf:2    | Found a runed translucent gate.
 41364 | Elf:2    | Found a shimmering blue altar of Sif Muna.
 41542 | Elf:2    | Found Qaollodu's Firing Range.
 41572 | Elf:2    | Found a runed translucent door.
 41572 | Elf:2    | Noticed Wurlitzer's ghost (journeyman MiFi)
 41756 | Elf:3    | Entered Level 3 of the Elven Halls
 41986 | Elf:3    | Reached skill level 10 in Fire Magic
 42100 | Abyss:3  | Cast into level 3 of the Abyss (a deep elf sorcerer)
 42244 | Abyss:3  | Reached skill level 10 in Poison Magic
 42256 | Abyss:3  | Found a corrupted altar of Lugonu.
 42435 | Elf:3    | Escaped the Abyss
 43016 | Elf:3    | Found Odwoerr's Book Shop.
 43488 | Elf:3    | Reached skill level 15 in Fighting
 43488 | Elf:3    | Reached skill level 18 in Earth Magic
 43581 | Elf:3    | Identified the +5 spear of Xeos {flame, rElec Str-3 Int+2}
 43605 | Elf:3    | Reached XP level 22. HP: 140/140 MP: 16/40
 43737 | Elf:3    | Found the +3 crown of Dyrovepreva {rElec Int+2 SInv}
 43771 | Elf:3    | Got the Quarto of Immolation and Ensorcelling
 43774 | Elf:3    | Identified the +3 dagger of Drought {holy, Fly Int+2 Dex+2}
 43787 | Elf:3    | Identified the +7 dagger "Hocsy" {freeze, *Rage rF+ rN+
                  | Str+6}
 43896 | Elf:3    | Identified the +7 glaive "Gyodahie" {flame, Str+3}
 43966 | Elf:2    | Killed Wurlitzer's ghost
 43968 | Elf:2    | Identified the +12 morningstar "Raxt" {drain, rPois rN+}
 44934 | Depths:1 | Found a one-way gate to the infinite horrors of the Abyss.
 45552 | Depths:1 | Found a one-way gate leading to the halls of Pandemonium.
 45650 | Depths:1 | Noticed Mara
 45652 | Depths:1 | Noticed arthad's illusion
 46061 | Depths:1 | Identified the +0 hat of Rationality {Fly rN+ Dex+9}
 46094 | Depths:1 | Found a gateway to Hell.
 46251 | Depths:1 | Identified the staff of the Feral God {Drain rF+ Dex+2 Fire
                  | Poison}
 46366 | Depths:1 | Identified the ring of Gutor {Str+7 Int+6}
 46380 | Depths:1 | Found the +3 pair of gauntlets of War {Slay+5}
 46402 | Depths:1 | Got the Parchment of the Different Tropics
 46633 | Depths:1 | Killed Mara
 47860 | Depths:2 | Reached XP level 23. HP: 99/146 MP: 7/41
 48421 | Depths:2 | Reached skill level 15 in Spellcasting
 48517 | Depths:2 | Found a one-way gateway to a ziggurat.
 48674 | Depths:2 | Acquired the +1 kite shield of Zin's Hope {rN+ Will+
                  | Stlth+}
 48949 | Depths:3 | Learned a level 5 spell: Yara's Violent Unravelling
 49022 | Depths:3 | Found Ossi Ygauw's Book Shop.
 49618 | Depths:3 | Found a runed translucent door.
 49625 | Depths:3 | Found the +7 captain's cutlass {speed, disarm}
 49731 | Depths:3 | Found a white marble altar of Elyvilon.
 49858 | Depths:3 | Noticed a royal mummy
 49861 | Depths:3 | Noticed a royal mummy
 49869 | Depths:3 | Killed a royal mummy
 49870 | Depths:3 | Reached skill level 19 in Earth Magic
 50143 | Depths:3 | Killed a royal mummy
 50307 | Depths:3 | Noticed a royal mummy
 50316 | Depths:3 | Killed a royal mummy
 50533 | Depths:3 | Found the +7 sceptre of Torment {pain, torment}
 50785 | Depths:3 | Reached skill level 1 in Hexes
 50796 | Depths:3 | Got the Information on the Scintillating Wyrd
 50797 | Depths:3 | Identified the +2 cloak "Ahuaz" {Contam rC+ Str+4 SInv}
 50838 | Depths:4 | Entered Level 4 of the Depths
 51202 | Depths:4 | Found a gate to the Realm of Zot.
 51202 | Depths:4 | Noticed a golden dragon
 51208 | Depths:4 | Killed a golden dragon
 51246 | Depths:4 | Reached skill level 10 in Dodging
 51612 | Depths:4 | Noticed a juggernaut
 51615 | Depths:4 | Killed a juggernaut
 51949 | Depths:4 | Reached XP level 24. HP: 152/154 MP: 39/42
 52762 | Slime:1  | Entered Level 1 of the Pits of Slime
 53281 | Vaults:1 | Identified the +4 arbalest "Tuotouj" {flame, rElec rC+}
 53283 | Vaults:1 | Identified the +1 arbalest "Meno" {flame, rPois rF+++ Int-3
                  | SInv}
 54163 | Vaults:5 | Entered Level 5 of the Vaults
 55107 | Vaults:5 | Got the Discursus on Icy Vicissitude
 55297 | Vaults:5 | Found Zecwuhun's Book Emporium.
 55300 | Vaults:5 | Bought a manual of Hexes for 1120 gold pieces
 55570 | Vaults:5 | Identified the +9 short sword of the Sugar Beet {drain, rC+
                  | SInv}
 55741 | Vaults:5 | Reached skill level 20 in Earth Magic
 55796 | Vaults:5 | Reached XP level 25. HP: 151/160 MP: 40/42
 56380 | Vaults:5 | Identified the +7 flail of Revolt {venom, rC+++ Str-5 Dex+4
                  | SInv}
 56382 | Vaults:5 | Identified the +1 plate armour of the Pirate {-Tele rF++
                  | rCorr Stlth+}
 56675 | Vaults:5 | Got a silver rune of Zot
 57401 | D:3      | Killed justen's ghost
 57714 | D:14     | Gained mutation: Your body sometimes deteriorates upon
                  | taking damage. [mutagenic glow]
 57729 | D:14     | Gained mutation: You are weak. (Str -2) [mutagenic glow]
 57762 | D:14     | Gained mutation: You occasionally lose the ability to read
                  | scrolls when taking damage. [mutagenic glow]
 57764 | D:14     | Lost mutation: You have sharp toenails. [potion of
                  | mutation]
 57764 | D:14     | Lost mutation: You are weak. (Str -2) [potion of mutation]
 57764 | D:14     | Gained mutation: You are somewhat resistant to further
                  | mutation. [potion of mutation]
 57764 | D:14     | Lost mutation: Your body sometimes deteriorates upon taking
                  | damage. [potion of mutation]
 57791 | D:14     | Identified the amulet of Wuugor {Acrobat rElec Stlth+}
 57802 | D:14     | Identified the ring of the Contumacious God {rPois rCorr}
 58052 | Lair:4   | Killed kairosrom117's ghost
 58150 | Lair:4   | Identified the ring "Japnilie" {Fly Int+3}
 58308 | Snake:4  | Bought the ring of Lianos {rCorr MP+9} for 554 gold pieces
 58965 | Slime:5  | Entered Level 5 of the Pits of Slime
 59377 | Slime:5  | Noticed the Royal Jelly
 59389 | Slime:5  | Killed the Royal Jelly
 59498 | Slime:5  | Identified the +6 chain mail of Zin's Indignation {Dex+5
                  | Slay-4 Stlth-}
 59505 | Slime:5  | Identified the +2 helmet "Vumoalic" {Int+2}
 59506 | Slime:5  | Identified the +8 chain mail of the Forging Gods {rC+ rN+
                  | Int+2}
 59508 | Slime:5  | Got a slimy rune of Zot
 59509 | Slime:5  | Identified the +3 mace of the Divine God {pain, rC+}
 59510 | Slime:5  | Identified the +1 ring mail "Vaahoi" {rC+}
 59516 | Slime:5  | Identified the +3 scale mail of the Stars {rF+ rC+}
 59517 | Slime:5  | Identified the +1 hat of Soft Rains {Int+3}
 60054 | Shoals:1 | Killed Hiprater's ghost
 60056 | Shoals:1 | Killed Godd's ghost
 60058 | Shoals:1 | Killed Rudyous's ghost
 60059 | Shoals:1 | Killed arthad's ghost
 60060 | Shoals:1 | Reached skill level 5 in Hexes
 60060 | Shoals:1 | Killed Sevouk's ghost
 60405 | D:11     | You paid a toll of 14 potions of curing to enter a treasure
                  | trove
 60406 | Trove    | Entered a treasure trove
 60441 | Trove    | Got the Papyrus of the Eight Invaders
 60444 | Trove    | Got the Textbook on Stones and Battle Magic
 60471 | Trove    | Got Sif Muna's Handbook of the Rocky Xenotype
 60474 | Trove    | Got Sif Muna's Vellum of the Pyromaniac
 60588 | Depths:1 | Voluntarily entered the Abyss.
 60783 | Abyss:3  | Found a glowing golden altar of the Shining One.
 60837 | Abyss:3  | Noticed a juggernaut
 60840 | Abyss:3  | Killed a juggernaut
 60844 | Abyss:3  | Got an abyssal rune of Zot
 61023 | Abyss:3  | Found a glowing golden altar of the Shining One.
 61359 | Depths:1 | Escaped the Abyss
 61520 | Zot:1    | Entered Level 1 of the Realm of Zot
 61658 | Zot:1    | Reached XP level 26. HP: 48/168 MP: 24/43
 62671 | Zot:1    | Noticed an orb of fire
 62673 | Zot:1    | Killed an orb of fire
 62789 | Zot:1    | Identified the staff "Ikumpan" {rElec rN+ Will+ Int+3
                  | Stlth+ Air}
 62928 | Zot:1    | Noticed a Killer Klown
 62932 | Zot:1    | Killed a Killer Klown
 63581 | Zot:1    | Learned a level 8 spell: Ignition
 64046 | Zot:2    | Reached skill level 21 in Earth Magic
 64830 | Zot:3    | Reached skill level 1 in Long Blades
 66002 | Zot:4    | Acquired 638 gold pieces
 66435 | Zot:5    | Entered Level 5 of the Realm of Zot
 66543 | Zot:5    | Reached XP level 27. HP: 174/175 MP: 30/43
 67163 | Zot:5    | Learned a level 2 spell: Blink
 67291 | Zot:5    | Reached skill level 1 in Translocations
 67351 | Zot:5    | Noticed an orb of fire
 67366 | Zot:5    | Killed an orb of fire
 67757 | Zot:5    | Noticed an orb of fire
 67763 | Zot:5    | Killed an orb of fire
 67779 | Zot:5    | Reached skill level 15 in Fire Magic
 67859 | Zot:5    | Noticed an ancient lich
 67863 | Zot:5    | Killed an ancient lich
 68106 | Zot:5    | Noticed an orb of fire
 68113 | Zot:5    | Killed an orb of fire
 68122 | Zot:5    | Noticed an orb of fire
 68126 | Zot:5    | Noticed a dread lich
 68334 | Zot:5    | Killed an orb of fire
 68459 | Zot:5    | Noticed a dread lich
 68470 | Zot:5    | Killed a dread lich
 68790 | Zot:5    | Noticed a dread lich
 68791 | Zot:5    | Noticed a dread lich
 68792 | Zot:5    | Noticed an orb of fire
 68794 | Zot:5    | Killed a dread lich
 68796 | Zot:5    | Killed a dread lich
 68801 | Zot:5    | Killed an orb of fire
 68918 | Zot:5    | Killed a dread lich
 69065 | Zot:5    | Got the Orb of Zot
 69090 | Zot:5    | Noticed Xakhaose the pandemonium lord
 69100 | Zot:5    | Gained mutation: You are vulnerable to heat. (rF-)
                  | [mutagenic glow]
 69127 | Zot:5    | Gained mutation: Your body sometimes deteriorates upon
                  | taking damage. [mutagenic glow]
 69198 | Zot:2    | Noticed Xeiqeom the pandemonium lord
 69201 | Zot:2    | Killed Xeiqeom the pandemonium lord
 69525 | D:3      | Noticed a seraph
 69625 | D:$      | Escaped with the Orb!

Illustrated notes

Levels and vault maps discovered:
D:1:      roderic_crop_circles_arrival_small, layout_basic
D:2:      layout_loops_ring, hellmonk_ecumenical_altar_slurped_away,
          minmay_large_rounded_square, uniq_terence
D:3:      layout_loops_corners, gammafunk_ghost_gnarly_gnolls,
          minmay_misc_feat_cross, kennysheep_cross_room,
          hangedman_decor_peaks_small
D:4:      layout_basic
D:5:      layout_basic, st_stairs_5, uniq_ijyb
D:6:      layout_loops_ring, amethyst_overflow_temple_binary, enter_ossuary_1,
          uniq_edmund
D:7:      layout_rooms, nicolae_qazlal_style_of_elements, temple_doors_ab,
          uniq_menkaure, uniq_joseph
D:8:      layout_gridville, dpeg_oklobed_lair
D:9:      layout_basic, cheibriados_altar_1
D:10:     layout_irregular_city, zombieorc1_lemuel, nicolae_lava_and_water,
          uniq_maggie, uniq_amaemon
D:11:     layout_loops_ring, nicolae_trove_entry_free_sample,
          nrook_pool_corridor, uniq_josephine, uniq_erolcha
D:12:     layout_loops_cross, serial_shops, shop, uniq_fannar, uniq_maurice,
          uniq_kirke
D:13:     layout_layer_cave, uniq_frances
D:14:     gammafunk_its_a_trap, layout_irregular_city, erik_vaults_2,
          nicolae_elevator_lobby_asterisk, minivault_27, drop_trap
D:15:     grunt_enter_depths_magical_seal, layout_rooms, serial_shops,
          nicolae_shop_trees
Temple:   dpeg_five_rooms_temple
Lair:1:   layout_roguey, nicolae_lair_run_with_the_wolves
Lair:2:   layout_loops_ring, minmay_snake_entry_guardpost_medium,
          enter_volcano_4, lemuel_old_faithful, lemuel_fruit_tree,
          infiniplex_staircase_pool
Lair:3:   layout_regular_city, elwin_shoals_entry_rooms, serial_bayou,
          serial_bayou_ford_a, serial_bayou_pond_a, serial_bayou_lagoon_a,
          serial_bayou_shore_a, serial_bayou_crossing, serial_bayou_pond_d,
          serial_bayou_pond_d
Lair:4:   layout_regular_city, slime_entry_1, gammafunk_ghost_hive
Lair:5:   gammafunk_lair_ancient_temple, layout_cave_shapes
Shoals:1: layout_shoals, gammafunk_ghost_cemetery, nicolae_shop_vocational,
          uniq_mlioglotl
Shoals:2: layout_shoals
Shoals:3: layout_shoals
Shoals:4: shoals_end_simple, layout_shoals, shoals_ilsuiw_ice, serial_shops,
          shop
Snake:1:  onia_ninara_swampy_vault, layout_rooms, special_room, uniq_aizul
Snake:2:  layout_onion, gammafunk_ghost_grave, st_stairs_10,
          guppyfry_snake_island, serial_bayou_shore_b, serial_bayou_shore_b,
          uniq_azrael
Snake:3:  layout_cave_town, nicolae_twisty_statue_hallways, uniq_jorgrun
Snake:4:  hellmonk_snake_rune_quicksilver_temple, layout_cave_town,
          grunt_ministairs_3, serial_bayou_shore_b, minmay_shop_grove,
          serial_bayou_shore_b
Slime:1:  layout_caves
Slime:2:  layout_caves, nicolae_slime_phagocytosis
Slime:3:  layout_caves
Slime:4:  layout_caves
Slime:5:  slime_pit_nicolae_royal_road_to_ruin
Orc:1:    layout_caves, serial_shops, nicolae_shop_bloodbath_and_beyond
Orc:2:    grunt_orc_gardens, layout_caves, grunt_orc_garden, grunt_orc_garden,
          grunt_orc_garden, grunt_orc_garden, minmay_orc_treasury
Elf:1:    layout_loops_corners, hangedman_elven_crosses_minicolossus
Elf:2:    elven_hall_of_blades_hangedman_original [nicolae_blade_lattice],
          layout_rooms, basic_altar, gammafunk_ghost_grave, drop_trap,
          nicolae_shop_firing_range
Elf:3:    minmay_elf_hall_statues, layout_loops_cross, serial_shops,
          nicolae_shop_behind_doors
Vaults:1: nicolae_vaults_circle_grid_b, nicolae_vaults_specimen_jars,
          nicolae_vaults_wine_cellar, hangedman_vaults_impose,
          nicolae_vaults_yaktaur_gun_rack, ontoclasm_vaults_ligature,
          vaults_standard_mumra_lines, nicolae_vaults_heart-shaped_vault,
          hangedman_vaults_impose, nicolae_vaults_mini_display_case,
          vaults_room_hallway, nicolae_vaults_closet_pinwheel_4,
          vaults_dpeg_ring, nicolae_vaults_library_corner,
          layout_vaults_maze_snakey
Vaults:2: nicolae_vaults_big_ls, nicolae_vaults_sesquioval_fish,
          nicolae_vaults_little_squares_6, nicolae_vaults_little_squares_6,
          nicolae_vaults_surprise_closet_hard, layout_vaults_omnigrid,
          serial_shops, shop, nicolae_shop_back_alley_shop, shop,
          nicolae_shop_dealshenge, uniq_frederick
Vaults:3: v_misc_22, blue_anna_dwarven_crypt, nicolae_vaults_trapezoid_4,
          nicolae_vaults_shrinking_rooms_1, vaults_mumra_lcd,
          nicolae_vaults_offset_grid_hallway_2, hangedman_vaults_pinch,
          nicolae_vaults_layer_cake_slice, nicolae_vaults_closet_pinwheel_6,
          v_alt_pattern_6, nicolae_vaults_heart-shaped_vault,
          layout_vaults_omnicross, serial_shops, nicolae_shop_hallway_plus,
          uniq_sojobo, uniq_margery
Vaults:4: nicolae_vaults_trapezoid_1, nicolae_vaults_house_1,
          nicolae_vaults_shipping_containers_4, nicolae_vaults_more_shelving_2,
          nicolae_vaults_meiosis, nicolae_vaults_sealed_display, v_misc_25,
          nicolae_vaults_storage_room_statues, v_pattern_3,
          hangedman_vaults_restitches, v_misc_3, v_misc_22,
          nicolae_vaults_layer_cake_slice, layout_vaults_omnibox, uniq_jory
Vaults:5
Depths:1: minmay_the_grid_octo_tiled_octocenter
          [minmay_the_grid_octo_checkerflower, minmay_the_grid_octo_odd_swirl,
          minmay_the_grid_octo_teeth, minmay_the_grid_octo_fat_diamond,
          minmay_the_grid_octo_prize_single_spiral,
          minmay_the_grid_square_5x5_broken_cross,
          minmay_the_grid_square_5x5_eight_small,
          minmay_the_grid_square_5x5_six_small,
          minmay_the_grid_square_5x5_mess], layout_basic, hell_entry,
          serial_shops, shop, abyss_entry_small_statue_room, pan_entry,
          beargit_elvish_explorers, uniq_mara
Depths:2: hellmonk_crumbling_castle, layout_cave_shapes, enter_ziggurat_f,
          hell_entry, grunt_pan_entry_in_and_out
Depths:3: minmay_guarded_unrand_sceptre_of_torment, layout_basic,
          lemuel_coloured_pillars_altar, abyss_entry, hell_entry, serial_shops,
          shop, minmay_st_funbox
Depths:4: grunt_x_marks_the_spot, layout_honeycomb, abyss_entry_glasseish,
          hell_entry, minmay_crystal_water, uniq_josephina
Zot:1:    layout_misc_corridors, grunt_ministairs_1, drop_trap,
          hangedman_player_shredder
Zot:2:    layout_onion_interference
Zot:3:    layout_basic
Zot:4:    layout_misc_corridors, st_stairs_1
Zot:5:    layout_misc_corridors, grunt_megastairs_2

Skill      XL: |  1  2  3  4  5  6  7  8  9 10 11 12 13 14 15 16 17 18 19 20 21 22 23 24 25 26 27 |
---------------+----------------------------------------------------------------------------------+-----
Transmutations | 1 2 3 4 5 6 7 8 9 10 11 12 | 12.7
Earth Magic    | 4 5 6 7 8 9 10 11 12 13 14 15 16 17 18 19 20 21 | 21.9
Dodging        | 2 3 4 5 6 7 8 9 10 11 | 11.5
Stealth        | 3 4 5 6 7 8 9 10 | 10.0
Conjurations   | 1 2 3 4 5 6 7 9 10 11 12 13 14 15 16 17 18 19 20 | 20.4
Fighting       | 1 2 3 4 5 6 7 8 9 10 11 12 13 14 15 16 17 18 19 20 | 20.6
Armour         | 1 2 3 4 5 6 7 8 9 10 11 12 13 14 | 14.6
Spellcasting   | 3 4 5 6 7 8 9 10 11 12 13 14 15 16 17 | 17.5
Shields        | 2 5 6 8 9 10 11 12 | 12.8
Air Magic      | 1 |  1.0
Poison Magic   | 1 3 5 6 8 9 10 11 12 13 14 | 14.8
Fire Magic     | 1 3 5 6 8 9 10 11 12 13 14 15 | 15.4
Hexes          | 2 3 5 6 |  6.8
Long Blades    | 1 3 |  3.3
Translocations | 4 |  4.4

Action                     |  1- 3 |  4- 6 |  7- 9 | 10-12 | 13-15 | 16-18 | 19-21 | 22-24 | 25-27 || total
---------------------------+-------+-------+-------+-------+-------+-------+-------+-------+-------++-------
  Melee: Whip              |       |     1 |       |       |       |       |       |       |       ||     1
         Unarmed           |       |       |       |     1 |       |       |       |       |       ||     1
         Bo                |       |       |       |       |    21 |    16 |    31 |    29 |    36 ||   133
         Kick              |       |       |       |       |    12 |     3 |       |       |       ||    15
  Throw: Dart              |       |       |     1 |       |       |     1 |       |     1 |       ||     3
         Boomerang         |       |       |       |     1 |       |       |       |       |       ||     1
         Throwing net      |       |       |       |       |       |       |       |     1 |       ||     1
   Cast: Sandblast         |    32 |   107 |   206 |   293 |   322 |    25 |    17 |     1 |     1 ||  1004
         Stone Arrow       |       |       |    15 |    91 |   505 |   444 |   325 |    60 |    52 ||  1492
         Poisonous Vapours |       |       |       |     5 |    32 |    98 |    32 |    88 |    32 ||   287
         Petrify           |       |       |       |     2 |       |       |       |       |       ||     2
         Olgreb's Toxic Ra |       |       |       |       |    29 |   130 |    57 |    52 |     9 ||   277
         Ignite Poison     |       |       |       |       |    11 |    89 |    29 |    56 |    21 ||   206
         Leda's Unmaking   |       |       |       |       |    12 |   102 |   112 |   151 |   157 ||   534
         Orb of Destructio |       |       |       |       |       |    45 |    19 |    21 |    58 ||   143
         Starburst         |       |       |       |       |       |    21 |    20 |    20 |    25 ||    86
         Lehudib's Crystal |       |       |       |       |       |    16 |   133 |    73 |   220 ||   442
         Lee's Rapid Decon |       |       |       |       |       |       |   154 |   341 |   281 ||   776
         Yara's Violent Un |       |       |       |       |       |       |       |    11 |     9 ||    20
         Ignition          |       |       |       |       |       |       |       |       |    10 ||    10
         Blink             |       |       |       |       |       |       |       |       |     3 ||     3
  Evoke: Wand              |       |       |       |       |     3 |    12 |     4 |     2 |     6 ||    27
         Tin of tremorston |       |       |       |       |       |     3 |     2 |     1 |     2 ||     8
         Lightning rod     |       |       |       |       |       |       |     2 |     9 |     7 ||    18
         Sack of spiders   |       |       |       |       |       |       |       |       |     2 ||     2
         Phantom mirror    |       |       |       |       |       |       |       |       |     1 ||     1
         Phial of floods   |       |       |       |       |       |       |       |       |     1 ||     1
    Use: Scroll            |       |       |    11 |     7 |    12 |     9 |     9 |     7 |    12 ||    67
         Potion            |       |       |       |     2 |    10 |     3 |     7 |     1 |    23 ||    46
   Stab: Sleeping          |       |       |       |       |       |     1 |       |       |       ||     1
 Armour: Robe              |     5 |    45 |    83 |     2 |       |       |       |       |       ||   135
         Steam dragon scal |       |       |       |   201 |   556 |   347 |   305 |   301 |     6 ||  1716
         Skin              |       |       |       |       |    11 |       |       |       |       ||    11
         Quicksilver drago |       |       |       |       |       |       |       |       |   504 ||   504
  Dodge: Dodged            |     6 |    39 |    69 |   165 |   331 |   280 |   204 |   158 |   147 ||  1399
  Block: Buckler           |       |       |       |    57 |   337 |   276 |   177 |    36 |       ||   883
         Kite shield       |       |       |       |       |       |       |       |   159 |   239 ||   398

Table legend: (Time is in decaauts)
 A = Elapsed time spent in this place.
 B = Non-inter-level travel time spent in this place.
 C = Inter-level travel time spent in this place.
 D = Time resting spent in this place.
 E = Time spent auto-exploring this place.
 F = Levels seen in this place.
 G = Mean time per level.
                   A        B        C        D        E       F      G
               +--------+--------+--------+--------+--------+-----+--------+
         Total |  70249 |  64763 |   5486 |   5723 |  46018 |  58 | 1211.2 |
       Dungeon |  17716 |  15342 |   2374 |   1064 |  11391 |  15 | 1181.1 |
        Temple |     72 |      2 |     70 |      0 |      0 |   1 |   72.0 |
          Lair |   7042 |   6057 |    985 |    382 |   4222 |   5 | 1408.4 |
        Shoals |   4208 |   4060 |    148 |     41 |   3268 |   4 | 1052.0 |
     Snake Pit |   5725 |   5430 |    295 |    252 |   4144 |   4 | 1431.2 |
    Slime Pits |   1515 |   1429 |     86 |    243 |    726 |   5 |  303.0 |
  Orcish Mines |   2317 |   2120 |    197 |     78 |   1552 |   2 | 1158.5 |
   Elven Halls |   4554 |   4389 |    165 |    346 |   3131 |   3 | 1518.0 |
        Vaults |   9901 |   9200 |    701 |    930 |   6544 |   5 | 1980.2 |
        Depths |   8245 |   7970 |    275 |   1264 |   5372 |   4 | 2061.2 |
           Zot |   7236 |   7050 |    186 |    711 |   4903 |   5 | 1447.2 |
         Abyss |   1090 |   1090 |      0 |    308 |    506 |   2 |  545.0 |
         Trove |     89 |     89 |      0 |      0 |     65 |   1 |   89.0 |
       Ossuary |    428 |    428 |      0 |     95 |    194 |   1 |  428.0 |
       Volcano |    104 |    104 |      0 |      7 |      0 |   1 |  104.0 |
               +--------+--------+--------+--------+--------+-----+--------+

Top non-repeatable levels by time:
Vaults:4: 2860 daAuts
Depths:1: 2682 daAuts
   Zot:5: 2416 daAuts
Depths:3: 2178 daAuts
Depths:4: 2081 daAuts
Vaults:5: 2080 daAuts
Vaults:2: 2030 daAuts
    D:14: 2010 daAuts
 Snake:4: 1961 daAuts
   Elf:3: 1834 daAuts
   Orc:2: 1724 daAuts
  Lair:3: 1720 daAuts
    D:13: 1718 daAuts
  Lair:4: 1684 daAuts
   Zot:1: 1682 daAuts
